 Dungeon Crawl Stone Soup version 0.28-a0-1152-g9c71ebef14 (webtiles) character file.

Game seed: 13337585557993195326

565 SensoryNuts the Slasher (level 7, -2/54 HPs)
             Began as a Demonspawn Fighter on Dec 14, 2021.
             Slain by Blork the orc (4 damage)
             ... on level 5 of the Dungeon.
             The game lasted 00:05:26 (3695 turns).

SensoryNuts the Slasher (Demonspawn Fighter)        Turns: 3695, Time: 00:05:26

Health: -2/54      AC:  7    Str: 18    XL:     7   Next: 10%
Magic:  7/7        EV: 11    Int:  9    God:
Gold:   127        SH:  5    Dex: 13    Spells: 6/6 levels left

rFire   . . .      SeeInvis .   a - +0 long sword
rCold   . . .      Faith    .   c - +0 buckler
rNeg    . . .      Spirit   .   b - +0 scale mail
rPois   .          Reflect  .   (no helmet)
rElec   .          Harm     .   (no cloak)
rCorr   .          Rampage  .   (no gloves)
Will    .....                   (no boots)
Stlth   +.........              (no amulet)
HPRegen 0.18/turn               (no ring)
MPRegen 0.10/turn               (no ring)

@: invisible (expiring)
A: foul stench 1, sturdy frame 2
a: no special abilities


You were on level 5 of the Dungeon.
You visited 1 branch of the dungeon, and saw 5 of its levels.

You collected 127 gold pieces.

Inventory:

Hand Weapons
 a - a +0 long sword (weapon)
 d - a +2 short sword of flaming
Armour
 b - a +0 scale mail (worn)
 c - a +0 buckler (worn)
Jewellery
 g - a ring of ice
 k - a ring of positive energy
Scrolls
 f - a scroll of blinking
 j - a scroll of holy word {unknown}
Potions
 e - a potion of magic {unknown}
 h - 3 potions of curing


   Skills:
 + Level 4.1 Fighting
 + Level 4.9 Long Blades
 + Level 4.3 Armour
 + Level 1.2 Dodging
 + Level 0.4 Stealth
 + Level 3.4 Shields


You had 6 spell levels left.
You didn't know any spells.
Your spell library contained the following spells:

 Spells                   Type           Power      Damage    Failure   Level
 Corpse Rot               Necr/Air       0%         N/A       69%         2
 Ensorcelled Hibernation  Hex/Ice        0%         N/A       69%         2
 Poisonous Vapours        Pois/Air       0%         N/A       69%         2
 Spider Form              Tmut/Pois      0%         N/A       89%         3


Dungeon Overview and Level Annotations

Branches:
Dungeon (4/15)
 Temple: D:4-7

Altars:

Annotations:
D:5 Blork the orc


Innate Abilities, Weirdness & Mutations

You may rarely emit foul miasma when damaged in melee.
Your movements are less encumbered by armour. (ER -4)


Message History

There is an open door here.
Blork the orc hits you but does no damage.
You fade into invisibility!
Blork the orc closely misses you. The ogre hits you with a +0 giant club!
* * * LOW HITPOINT WARNING * * *
You slash the ogre!
The ogre is heavily wounded.
Blork the orc screams, "I don't like you!"
The ogre closely misses you.
Blork the orc points at the ogre and mumbles some strange words.
The puff of frost hits the ogre!
The ogre shouts!
Blork the orc closely misses you.
Blork the orc hits you with a +0 hand axe.
* * * LOW HITPOINT WARNING * * *
You emit a cloud of foul miasma!
The ogre closely misses you.
There is an open door here.
Blork the orc is engulfed in dark miasma.
Blork the orc is poisoned.
You hit Blork the orc.
Blork the orc is lightly wounded.
Blork the orc gestures at you while chanting.
The puff of frost misses you. You block Blork the orc's attack.
You slash Blork the orc!
Blork the orc is heavily wounded.
Blork the orc hits you with a +0 hand axe.
* * * LOW HITPOINT WARNING * * *
Blork the orc gestures at you while chanting.
The puff of flame misses you.
You strike the helpless Blork the orc from behind!
You slash Blork the orc!
Blork the orc is almost dead.
You slash the ogre!
You kill the ogre!
You flicker for a moment.
Blork the orc casts a spell at you. The puff of frost misses you.
Blork the orc hits you with a +0 hand axe.
You die...

###### #....############
#....#o.........#
#....@..........#
##+##....#..####'#### #
##...#....#..##....###..
#....#....#..#..........#
+....'....#..#..........#
##...#....#..##.........#
#...#....#..##†#########
#...#....+..#.........
+...#....#..#.........


You could see Blork the orc (fast, poisoned).

Vanquished Creatures
  A black bear (D:5)
  2 ogres (D:5)
  The ghost of PimpSugar the Magician, an amateur DsWz (D:3)
  2 hounds (D:5)
  A jelly (D:5)
  An orc wizard (D:5)
  8 adders
  A river rat (D:3)
  5 orcs
  3 bats
  6 endoplasms
  4 giant cockroaches
  2 goblins (D:2)
  4 hobgoblins
  8 jackals
  5 quokkas
  4 ball pythons
  4 frilled lizards
  4 kobolds
  7 rats
73 creatures vanquished.

Notes
Turn   | Place    | Note
-------+----------+-------------------------------------------
     0 | D:1      | SensoryNuts the Demonspawn Fighter began the quest for the
                  | Orb.
     0 | D:1      | Reached XP level 1. HP: 18/18 MP: 1/1
   163 | D:1      | Found a faded altar of an unknown god.
   264 | D:1      | Gained mutation: You may rarely emit foul miasma when
                  | damaged in melee. [demonic ancestry]
   264 | D:1      | Reached XP level 2. HP: 24/24 MP: 2/2
  1105 | D:2      | Reached XP level 3. HP: 27/29 MP: 3/3
  1532 | D:2      | Reached XP level 4. HP: 21/35 MP: 4/4
  2052 | D:3      | Found a runed translucent door.
  2056 | D:3      | Noticed PimpSugar's ghost (amateur DsWz)
  2214 | D:3      | Killed PimpSugar's ghost
  2215 | D:3      | Reached XP level 5. HP: 40/41 MP: 5/5
  3192 | D:4      | You fall into a shaft and drop 1 floor!
  3192 | D:5      | Entered Level 5 of the Dungeon
  3192 | D:5      | Noticed a black bear
  3228 | D:5      | Killed a black bear
  3229 | D:5      | Gained mutation: Your movements are slightly less
                  | encumbered by armour. (ER -2) [demonic ancestry]
  3229 | D:5      | Reached XP level 6. HP: 16/48 MP: 6/6
  3539 | D:5      | Reached skill level 1 in Dodging
  3647 | D:5      | Gained mutation: Your movements are less encumbered by
                  | armour. (ER -4) [demonic ancestry]
  3647 | D:5      | Reached XP level 7. HP: 53/54 MP: 7/7
  3673 | D:5      | Noticed Blork the orc
  3692 | D:5      | HP: 2/54 [Blork the orc (5)]
  3695 | D:5      | Slain by Blork the orc

Illustrated notes

Levels and vault maps discovered:
D:1:      dpeg_arrival_oval, layout_basic, hellmonk_ecumenical_altar_crossroads,
          minmay_heptomino_l4
D:2:      minmay_angry_zag, layout_basic, hangedman_abyss_or_decor_stabs
D:3:      layout_rooms, gup_sewer_entry_spiral, ebering_ghost_sewer_d,
          minmay_misc_feat_cross
D:4:      minmay_skewed_foursquare, layout_rooms
D:5:      kennysheep_slugbush, layout_gridville,
          gammafunk_temple_overflow_elements, minmay_temple_entry_hall,
          item_on_display_a, uniq_blork_the_orc, uniq_edmund,
          uniq_prince_ribbit1

Skill      XL: |  1  2  3  4  5  6 |
---------------+-------------------+-----
Armour         | 3 4 |  4.3
Long Blades    | 2 3 4 |  4.9
Shields        | 3 |  3.4
Fighting       | 4 |  4.1
Dodging        | 1 |  1.2
Stealth        | |  0.4

Action                   |  1- 3 |  4- 6 |  7- 9 || total
-------------------------+-------+-------+-------++-------
Melee: Long sword        |   105 |   135 |     9 ||   249
  Use: Scroll            |     3 |     3 |       ||     6
       Potion            |       |     2 |     1 ||     3
 Stab: Invisible         |       |       |     1 ||     1
Armor: Scale mail        |    50 |    76 |     2 ||   128
Dodge: Dodged            |    61 |    74 |     9 ||   144
Block: Buckler           |    22 |    40 |     2 ||    64

Table legend: (Time is in decaauts)
 A = Elapsed time spent in this place.
 B = Non-inter-level travel time spent in this place.
 C = Inter-level travel time spent in this place.
 D = Time resting spent in this place.
 E = Time spent auto-exploring this place.
 F = Levels seen in this place.
 G = Mean time per level.
                   A        B        C        D        E       F      G
               +--------+--------+--------+--------+--------+-----+--------+
         Total |   3806 |   3637 |    169 |      0 |   3022 |   5 |  761.2 |
       Dungeon |   3806 |   3637 |    169 |      0 |   3022 |   5 |  761.2 |
               +--------+--------+--------+--------+--------+-----+--------+

Top non-repeatable levels by time:
     D:1: 1098 daAuts
     D:2: 986 daAuts
     D:3: 832 daAuts
     D:5: 513 daAuts
     D:4: 375 daAuts
